Map: Kairos Junction LE

Players

Reynor - Winner!

  • Race: Zerg Zerg
  • Spawn Location: 11:00

Kas

  • Race: Terran Terran
  • Spawn Location: 5:00

Event: 2019 WCS Spring

VOD

Have the link to the VOD?

Description

Time

  • Played on: May 17, 2019, 2:56 p.m.
  • Length: 8:59

All games in this series

Show
View Real Time Build Order
Export as new Build Order

Reynor Zerg - Winner!

Build Orders: Hatch First 

Get SALT Encoding   

  12  0:00  Drone  
  13  0:12  Overlord  
  13  0:17  Drone  
  14  0:30  Drone x2  
  16  0:49  Hatchery  
  15  0:52  Drone  
  15  0:56  Drone  
  17  0:59  Drone  
  18  1:10  Extractor  
  17  1:15  Spawning Pool  
  17  1:18  Drone  
  17  1:22  Drone  
  18  1:28  Drone  
  19  1:39  Drone  
  20  1:49  Drone  
  21  2:02  Zergling x2  
  21  2:03  Queen x2, Zergling x2  
  27  2:10  Overlord  
  27  2:12  Drone  
  28  2:24  Hatchery  
  27  2:31  Drone x2  
  27  2:36  Drone x2  
  30  2:40  Metabolic Boost  
  30  2:45  Drone  
  30  2:47  Drone  
  32  2:52  Queen  
  32  2:58  Overlord  
  34  3:01  Drone  
  34  3:05  Drone  
  36  3:16  Drone x2  
  36  3:17  Drone x3  
  41  3:22  Overlord  
  42  3:27  Drone  
  42  3:28  Queen  
  44  3:36  Drone x2  
  44  3:38  Drone  
  47  3:41  Roach Warren  
  47  3:44  Zergling x2  
  47  3:46  Zergling x2  
  47  3:47  Drone x3  
  51  3:51  Spore Crawler, Overlord  
  51  3:58  Overlord  
  51  3:59  Drone x3  
  54  4:02  Overlord  
  54  4:13  Overlord  
  53  4:25  Roach x4  
  53  4:28  Roach x4  
  53  4:30  Drone x2  
  71  4:33  Extractor  
  71  4:34  Extractor, Queen  
  71  4:35  Overlord  
  71  4:36  Spore Crawler  
  71  4:38  Drone x2  
  72  4:40  Drone  
  72  4:43  Drone x2  
  75  4:46  Overlord  
  75  4:48  Drone  
  75  4:50  Drone  
  77  4:54  Drone  
  77  4:55  Drone  
  77  4:56  Overlord, Drone x2  
  77  4:59  Drone  
  82  5:04  Drone x3  
  85  5:09  Evolution Chamber x2  
  85  5:11  Overlord  
  85  5:12  Drone  
  85  5:13  Drone  
  85  5:18  Drone  
  85  5:19  Drone  
  85  5:20  Drone x2  
  88  5:22  Drone  
  89  5:30  Drone x3  
  92  5:37  Zerg Missile Weapons Level 1, Zerg Ground Armor Level 1  
  92  5:38  Lair  
  92  5:40  Drone x4  
  92  5:42  Extractor  
  95  5:45  Extractor, Drone x2  
  95  5:47  Roach  
  95  5:48  Extractor  
  97  5:52  Overlord  
  97  5:53  Overlord  
  97  5:56  Overlord  
  97  6:02  Overlord  
  97  6:04  Overlord  
  97  6:10  Ravager, Roach  
  97  6:11  Roach x3  
  106  6:12  Overlord  
  106  6:13  Roach x3  
  106  6:17  Roach x2  
  117  6:18  Ravager  
  117  6:23  Roach  
  117  6:24  Roach x4  
  127  6:26  Overlord  
  127  6:29  Roach x3  
  127  6:32  Roach  
  137  6:33  Roach  
  137  6:37  Roach x2  
  137  6:38  Roach  
  143  6:41  Roach  
  143  6:46  Queen  
  145  6:48  Roach x2  
  145  6:50  Glial Reconstitution  
  145  6:52  Roach  
  145  6:53  Roach  
  145  7:00  Drone  
  142  7:02  Drone x3  
  142  7:03  Roach x3  
  142  7:07  Overlord  
  150  7:10  Roach  
  150  7:13  Ravager x2  
  150  7:14  Overlord x2  
  154  7:17  Overlord  
  154  7:27  Overlord  
  154  7:28  Roach x3  
  158  7:30  Hatchery  
  158  7:34  Ravager  
  158  7:36  Roach x4  
  164  7:39  Ravager  
  164  7:41  Roach x2  
  169  7:45  Ravager, Overlord  
  169  7:47  Roach x3  
  176  7:54  Roach x3  
  182  8:04  Overlord  
  178  8:07  Roach x7  
  178  8:10  Ravager  
  178  8:11  Ravager  
  194  8:16  Roach  
  194  8:17  Roach x3  
  194  8:19  Roach x2  
  185  8:25  Roach  
  151  8:31  Roach x4  
  159  8:39  Roach x3  
  159  8:40  Overseer  
  165  8:42  Ravager  
  162  8:56  Baneling Nest  
Show
View Real Time Build Order
Export as new Build Order

Kas Terran 

Build Orders: Gas First Reaper Expand 

Get SALT Encoding   

  12  0:00  SCV  
  13  0:13  SCV  
  14  0:17  Supply Depot  
  14  0:25  SCV  
  14  0:27  Refinery  
  15  0:38  SCV  
  16  0:44  Barracks  
  16  0:51  SCV  
  17  1:03  SCV  
  18  1:15  SCV  
  19  1:30  Orbital Command  
  19  1:31  Reaper  
  20  1:42  Command Center  
  20  1:53  Factory  
  20  1:56  SCV  
  21  2:06  Barracks Reactor  
  21  2:08  SCV  
  22  2:14  Supply Depot  
  22  2:15  Refinery  
  22  2:20  SCV  
  23  2:35  SCV  
  24  2:42  Starport  
  24  2:47  Hellion x2  
  24  2:48  SCV  
  29  2:56  Orbital Command  
  29  3:00  SCV  
  29  3:01  Barracks Tech Lab  
  30  3:12  SCV, Hellion  
  33  3:14  Hellion  
  35  3:20  Viking  
  35  3:22  SCV  
  38  3:30  Stimpack  
  38  3:31  Supply Depot  
  38  3:33  SCV  
  39  3:37  Marine  
  39  3:39  SCV  
  41  3:45  SCV  
  41  3:48  Factory Tech Lab  
  42  3:49  Barracks  
  42  3:53  SCV  
  42  3:55  Marine  
  44  3:59  SCV  
  47  4:04  Starport Reactor, Barracks  
  45  4:11  SCV, Supply Depot  
  45  4:12  SCV  
  45  4:13  Siege Tank  
  46  4:25  SCV  
  46  4:26  SCV  
  46  4:29  Engineering Bay  
  47  4:32  Supply Depot  
  47  4:33  Marine  
  47  4:34  Supply Depot  
  47  4:37  Marine x2  
  47  4:38  SCV  
  51  4:39  SCV  
  52  4:47  Refinery  
  52  4:49  Starport Reactor  
  52  4:50  SCV  
  52  4:51  SCV  
  52  4:52  Siege Tank  
  57  4:56  Marine x2  
  57  4:57  Marine  
  60  5:00  Terran Infantry Weapons Level 1  
  60  5:02  SCV  
  60  5:05  Bunker  
  60  5:06  Marine  
  62  5:12  Marine  
  63  5:14  Marine x3  
  63  5:15  SCV  
  63  5:16  SCV  
  66  5:24  Marine  
  66  5:26  Medivac  
  66  5:27  SCV, Medivac  
  70  5:30  Marine  
  70  5:32  Marine x3  
  74  5:37  Supply Depot  
  74  5:42  Siege Tank, Marine  
  78  5:52  Command Center  
  78  5:55  Supply Depot  
  78  5:58  Marine x2, Supply Depot x2  
  78  5:59  SCV  
  81  6:06  Marine x3  
  81  6:08  Combat Shield  
  81  6:10  SCV  
  85  6:16  SCV, Marine x2  
  85  6:17  Siege Tank  
  91  6:22  SCV  
  91  6:24  Marine x3  
  95  6:33  Refinery, Barracks  
  95  6:34  Barracks, Marine x2  
  95  6:39  Medivac  
  99  6:40  Medivac  
  99  6:41  Marine x2  
  99  6:42  Marine  
  104  6:52  Marine x2  
  102  6:59  Marine x2  
  102  7:00  Marine  
  105  7:03  SCV x2  
  105  7:05  Terran Infantry Armor Level 1  
  105  7:06  Orbital Command  
  105  7:07  Siege Tank  
  110  7:10  Marine x2  
  112  7:17  Marine x3  
  112  7:19  Armory  
  112  7:20  Engineering Bay  
  117  7:23  Barracks Reactor x2  
  117  7:26  SCV x2  
  117  7:27  Marine x2  
  119  7:32  Orbital Command  
  119  7:35  Marine x3  
  121  7:38  SCV  
  121  7:40  SCV  
  123  7:45  Marine x2  
  125  7:53  Supply Depot  
  125  7:54  Supply Depot  
  125  7:55  Marine x3  
  125  7:56  SCV x2  
  130  8:03  Marine x2  
  128  8:17  Marine x2  
  112  8:20  Marine x4  
  112  8:21  Siege Tank, Marine x3  
  99  8:28  SCV x2  
  99  8:32  SCV  
  99  8:35  Marine x2  
  99  8:36  Factory  
  99  8:38  Marine x5  
  99  8:40  Marine x2  
Tags
 
Add a new tag
Caveats
  • Supply blocks, unpowered buildings, or Contaminate may cause inaccurate times.
  • Supply counts are checked every 10 seconds.